 Dungeon Crawl Stone Soup version 0.30-a0-702-gdf48620a09 (webtiles) character file.

Game seed: 10287241671730797319

42 Citaku the Covered (level 3, 0/33 HPs)
             Began as a Minotaur Fighter on Jan 21, 2023.
             Slain by a gnoll
             ... wielding a +0 whip
              (4 damage)
             ... on level 2 of the Dungeon.
             The game lasted 00:01:44 (925 turns).

Citaku the Covered (Minotaur Fighter)                Turns: 925, Time: 00:01:44

Health: 0/33       AC:  7    Str: 22    XL:     3   Next: 33%
Magic:  2/2        EV:  9    Int:  5    God:
Gold:   51         SH:  4    Dex:  9    Spells: 2/2 levels left

rFire   . . .      SeeInvis .    a - +0 war axe
rCold   . . .      Faith    .    c - +0 buckler
rNeg    . . .      Spirit   .    b - +0 scale mail
rPois   .          Reflect  .    (helmet restricted)
rElec   .          Harm     .    (no cloak)
rCorr   .          Rampage  .    (no gloves)
Will    .....                    (no boots) Stlth
                                 (no amulet)
HPRegen 0.25/turn                (no ring)
MPRegen 0.08/turn                (no ring)

@: mighty
A: horns 2, retaliatory headbutt
a: no special abilities


You were on level 2 of the Dungeon.
You visited 1 branch of the dungeon, and saw 2 of its levels.

You collected 51 gold pieces.

Inventory:

Hand Weapons
 a - a +0 war axe (weapon)
Armour
 b - a +0 scale mail (worn)
 c - a +0 buckler (worn)
Scrolls
 e - a scroll of teleportation {unknown}
 g - a scroll of identify {unknown}
 i - a scroll of vulnerability {unknown}
Potions
 f - 2 potions of heal wounds {unknown}
 h - a potion of curing {unknown}


   Skills:
 + Level 3.9 Fighting
 * Level 3.3 Axes
 * Level 4.3 Armour
 + Level 3.9 Shields


You had 2 spell levels left.
You didn't know any spells.
Your spell library was empty.

Dungeon Overview and Level Annotations

Branches:
Dungeon (2/15)

Altars:


Innate Abilities, Weirdness & Mutations

You have a pair of horns on your head.
You reflexively headbutt those who attack you in melee.


Message History

You are held in a net!
You are held in a net!
You are held in a net!
You are held in a net!
You are held in a net!
You are held in a net!
You are held in a net!
You are held in a net!
You are held in a net!
You are held in a net!
You are held in a net!
You are held in a net!
You are held in a net!
You are held in a net!
You tear a large gash into the net.
The bat hits you but does no damage.
The gnoll hits you but does no damage. x2
You struggle against the net.
The bat hits you but does no damage. x2
The gnoll hits you from afar with a +0 spear.
The gnoll hits you with a +0 flail.
The gnoll hits you from afar with a +0 spear.
You rip the net and break free!
The bat hits you but does no damage.
The gnoll hits you from afar with a +0 spear!
The gnoll hits you but does no damage. The gnoll hits you with a +0 flail.
The gnoll attacks as you move away! The gnoll barely misses you.
The bat hits you but does no damage.
You barely miss the gnoll.
You headbutt the gnoll, but do no damage.
You hit the bat.
You kill the bat!
You closely miss the gnoll.
The gnoll hits you from afar with a +0 spear.
The gnoll hits you with a +0 flail!
* * * LOW HITPOINT WARNING * * *
You are too injured to fight recklessly!
You feel very mighty all of a sudden. The gnoll hits you but does no damage.
The gnoll hits you from afar with a +0 spear.
* * * LOW HITPOINT WARNING * * *
The gnoll hits you with a +0 whip.
You die...

#.##.........
###.##............# ...
....##......[.....# ..<
.##.##............# ....
.##.##.†..........# ....#
........).........##.....
###.##............#......
#####..........gg.......
#..............@.g......
#.###.###########g......
#.# #.# #...... #.###.#
.##... #.....# . ..
####### ## .


You could see 4 gnolls.

Vanquished Creatures
  An adder (D:2)
  A worm (D:2)
  2 dart slugs (D:1)
  2 giant cockroaches
  4 hobgoblins
  6 ball pythons
  2 bats
  3 frilled lizards
  3 goblins
  3 rats
27 creatures vanquished.

Notes
Turn   | Place    | Note
-------+----------+-------------------------------------------
     0 | D:1      | Citaku the Minotaur Fighter began the quest for the Orb.
     0 | D:1      | Reached XP level 1. HP: 19/19 MP: 0/0
   159 | D:1      | Reached XP level 2. HP: 27/27 MP: 1/1
   316 | D:1      | Reached skill level 4 in Armour
   360 | D:1      | Found a faded altar of an unknown god.
   693 | D:2      | Reached XP level 3. HP: 24/33 MP: 2/2
   925 | D:2      | Slain by a gnoll

Illustrated notes

Levels and vault maps discovered:
D:1:      minmay_arrival_nine_rooms, layout_loops_cross,
          hellmonk_ecumenical_altar_run_dry, kennysheep_crisscross
D:2:      layout_basic, st_stairs_8

Skill      XL: |  1  2 |
---------------+-------+-----
Armour         | 4 |  4.3
Axes           | 3 |  3.3
Fighting       | |  3.9
Shields        | |  3.9

Action                   || total
-------------------------++-------
Melee: War axe           ||    42
       Headbutt          ||    10
  Use: Potion            ||     1
Armor: Scale mail        ||    26
Dodge: Dodged            ||    17
Block: Buckler           ||    11

Table legend: (Time is in decaauts)
 A = Elapsed time spent in this place.
 B = Non-inter-level travel time spent in this place.
 C = Inter-level travel time spent in this place.
 D = Time resting spent in this place.
 E = Time spent auto-exploring this place.
 F = Levels seen in this place.
 G = Mean time per level.
                   A        B        C        D        E       F      G
               +--------+--------+--------+--------+--------+-----+--------+
         Total |    940 |    885 |     55 |      0 |    741 |   2 |  470.0 |
       Dungeon |    940 |    885 |     55 |      0 |    741 |   2 |  470.0 |
               +--------+--------+--------+--------+--------+-----+--------+

Top non-repeatable levels by time:
     D:1: 653 daAuts
     D:2: 287 daAuts
